 Dungeon Crawl Stone Soup version 0.27.1-33-g824d729ab1 (webtiles) character file.

Game seed: 13139316533337232314

9245 belegose the Agent of Entropy (level 11, 0/76 HPs)
             Began as a Djinni Abyssal Knight on Dec 30, 2021.
             Was a Priest of Lugonu.
             Slain by an unseen horror (1 damage)
             ... on level 11 of the Dungeon on Dec 31, 2021.
             The game lasted 00:45:38 (18840 turns).

belegose the Agent of Entropy (DjAK)               Turns: 18840, Time: 00:45:38

Health: 0/76       AC:  6    Str: 12    XL:     11   Next: 70%
Gold:   441        EV: 17    Int: 17    God:    Lugonu [***...] SH:  0 Dex: 12

rFire    + + .     SeeInvis .   a - +1 scimitar (holy)
rCold    x . .     Faith    .   (no shield)
rNeg     . . .     Spirit   .   r - +0 steam dragon scales
rPois    ∞         Reflect  .   (no helmet)
rElec    .         Harm     .   (no cloak)
rCorr    .         Rampage  .   s - +0 pair of gloves
Will     +....                  (boots unavailable)
Stlth    +.........             (no amulet)
HPRegen  0.22/turn              m - +4 ring of evasion
MPRegen  0.00/turn              (no ring)

@: flying
A: sickness immunity, fire resistance 2, cold vulnerability 1, float, innate
caster, hp casting, extra vitality 1
a: Renounce Religion, Depart the Abyss, Bend Space, Banish


You were on level 11 of the Dungeon.
You worshipped Lugonu.
Lugonu was most pleased with you.
You visited 2 branches of the dungeon, and saw 12 of its levels.
You visited the Abyss 1 time.
You also visited: Sewer.

You collected 441 gold pieces.

Inventory:

Hand Weapons
 a - a +1 scimitar of holy wrath (weapon)
 b - a +1 dagger of draining
 B - the +2 flail "Idougos" {vorpal, +Rage rC++ MP-9 Dex+3}
   (You found it on level 10 of the Dungeon)

   It inflicts extra damage upon your enemies.
   Dex:       It affects your dexterity (+3).
   rC:        It greatly protects you from cold.
   MP:        It affects your magic capacity (-9).
   +Rage:     It lets you go berserk.
Missiles
 e - 218 stones
 i - 4 boomerangs
 q - 30 poisoned darts (quivered)
 x - 2 throwing nets
Armour
 r - +0 steam dragon scales (worn)
 s - a +0 pair of gloves (worn)
 u - a +2 robe of cold resistance
Jewellery
 m - a +4 ring of evasion (left hand)
 t - a ring of willpower
Wands
 h - a wand of iceblast (11)
 j - a wand of flame (23)
 n - a wand of acid (14)
Scrolls
 c - a scroll of fog
 f - 2 scrolls of enchant weapon
 g - 2 scrolls of blinking
 k - 5 scrolls of fear
 o - a scroll of vulnerability {unknown}
 p - a scroll of noise {unknown}
 w - a scroll of brand weapon
 y - 2 scrolls of teleportation {unknown}
 A - a scroll of torment {unknown}
Potions
 d - 4 potions of curing
 l - a potion of brilliance
 v - a potion of ambrosia


   Skills:
 + Level 5.2 Fighting
 - Level 1.7(3.8) Short Blades
 + Level 5.4(5.5) Long Blades
 + Level 2.4 Armour
 - Level 5.2 Dodging
 + Level 8.1 Spellcasting
 + Level 10.9 Invocations


You had 13 spell levels left.
You knew the following spells:

 Your Spells              Type           Power      Damage    Failure   Level
a - Summon Small Mammal   Summ           100%       N/A       1%          1
b - Searing Ray           Conj           68%        3d5       1%          2
c - Call Imp              Summ           34%        N/A       1%          2
d - Airstrike             Air            17%        N/A       3%          4
e - Dispel Undead         Necr           34%        3d15      3%          4
Your spell library was empty.

Dungeon Overview and Level Annotations

Branches:
Dungeon (11/15)            Temple (1/1) D:6             Orc (0/2) D:10
  Sewer (visited)
   Lair: D:8-11

Altars:
Ashenzari
Cheibriados
Dithmenos
Elyvilon
Fedhas
Gozag
Hepliaklqana
Kikubaaqudgha
Makhleb
Nemelex Xobeh
Okawaru
Qazlal
Ru
Sif Muna
Trog
Uskayaw
Vehumet
Wu Jian
Xom
Yredelemnul
Zin

Shops:
D:1 :   D:4 (

Annotations:
D:3 2 runed translucent doors, exclusion: 2 doors, Fractals's ghost, novice HuWn
D:9 exclusion: downstairs
D:10 exclusions: 2 doors and 1 more exclusion, Fannar


Innate Abilities, Weirdness & Mutations

You are immune to sickness and miasma.
You are immune to poison.
Your flesh is very heat resistant. (rF++)
You are vulnerable to cold. (rC-)
You float through the air rather than walking.
You learn spells naturally, not from books.
Your magical power is your life essence.
You have superior vitality. (+4 HP)


Message History

The orc closely misses you.
The orc warrior hits you with a +0 battleaxe!!
There is a stone staircase leading up here.
Unknown command.
The orc completely misses you.
You riposte.
You slash the orc!
You kill the orc!
Lugonu accepts your kill.
The orc warrior hits you with a +0 battleaxe!
You see here a +0 short sword.
There is a stone staircase leading up here.
The orc warrior closely misses you.
You fly upwards.
Level annotation: exclusions: 2 doors and 1 more exclusion, Fannar The orc shouts! x4; You hear a shout! x5
An orc comes into view. It is wielding a +0 dagger.
The orc moves out of view.
You hear a shout! x2
An orc warrior comes into view. It is wielding a +0 flail.
There is a stone staircase leading down here.
You hear a shout!
Something closely misses you. The orc warrior barely misses you.
You hear a shout! x3
You fly downwards.
There is a stone staircase leading up here.
Unknown command.
Something hits you.
Deactivating autopickup; reactivate with Ctrl-A.
The orc warrior hits you with a +0 battleaxe!
Something hits you!
* * * LOW HITPOINT WARNING * * *
Something hits you.
* * * LOW HITPOINT WARNING * * *
Press: ? - help, Shift-Dir - straight line, f - orc warrior
Aim: an orc warrior, wielding a +0 battleaxe and wearing a +0 chain mail (chance to affect: 87%)
The orc warrior is devoured by a tear in reality.
Lugonu claims a new guest.
Something hits you.
* * * LOW HITPOINT WARNING * * *
Something hits you.
You die...

### #..
##.### ....
###.#######
#§§<......#
#{#)#)###.#
#@#..<..#
#.###.###
#.. #...
###.#####
.. ##


There were no monsters in sight!

Vanquished Creatures
  Pikel (D:7)
  Psyche (D:8)
  Prince Ribbit (D:9)
  A shadow (D:10)
  2 wyverns
  10 yaks
  A steam dragon (D:7)
  2 sky beasts
  An orc warrior (D:9)
  2 black bears (D:7)
  2 centaurs
  2 ogres (D:5)
  A kobold brigand (D:8)
  A lemure (D:7)
  3 gnoll sergeants (D:8)
  Blork the orc (D:4)
  2 bullfrogs
  A scorpion (D:7)
  2 water moccasin skeletons (D:5)
  11 killer bees
  3 wights (D:8)
  7 howler monkeys
  4 centaur zombies
  A centaur skeleton (D:7)
  2 bullfrog skeletons
  2 jellies
  8 orc priests
  3 hounds
  3 iguanas
  5 orc wizards
  2 killer bee zombies
  A hound skeleton (D:5)
  14 gnolls
  6 adders
  2 river rats (D:4)
  A shadow imp (D:7)
  A white imp (D:7)
  An ufetubus (D:5)
  A worm (D:3)
  3 dart slugs
  26 orcs
  11 ball pythons
  3 bats (D:1)
  6 endoplasms
  17 giant cockroaches
  8 goblins
  10 hobgoblins
  3 jackals (D:1)
  5 quokkas
  5 frilled lizards
  7 kobolds
  11 rats
230 creatures vanquished.

Vanquished Creatures (others)
  A white imp (D:7)
1 creature vanquished.

Grand Total: 231 creatures vanquished

Notes
Turn   | Place    | Note
-------+----------+-------------------------------------------
     0 | Abyss:1  | belegose the Djinni Abyssal Knight began the quest for the
                  | Orb.
     0 | Abyss:1  | Reached XP level 1. HP: 20/20 MP: 0/0
     3 | Abyss:1  | Found a corrupted altar of Lugonu.
    29 | Abyss:1  | Noticed a raiju
    54 | Abyss:1  | Noticed a large abomination
    62 | Abyss:1  | Noticed a small abomination
    63 | D:1      | Escaped the Abyss
   320 | D:1      | Reached skill level 2 in Invocations
   337 | D:1      | Reached XP level 2. HP: 19/25 MP: 0/0
   351 | D:1      | Reached * piety under Lugonu
   802 | D:1      | Reached XP level 3. HP: 26/30 MP: 0/0
   802 | D:1      | Learned a level 1 spell: Summon Small Mammal
  1269 | D:1      | Found Uwkiodoj's Book Emporium.
  1460 | D:2      | Reached XP level 4. HP: 28/36 MP: 0/0
  1680 | D:2      | Reached ** piety under Lugonu
  2626 | D:3      | Reached skill level 3 in Invocations
  3053 | D:3      | Reached XP level 5. HP: 38/41 MP: 0/0
  3053 | D:3      | Learned a level 2 spell: Searing Ray
  3485 | D:3      | Found a runed translucent door.
  3489 | D:3      | Noticed Fractals's ghost (novice HuWn)
  3589 | D:3      | Found a runed translucent door.
  4169 | D:4      | Noticed Blork the orc
  4327 | D:4      | Found Woik's Weapon Shoppe.
  4454 | D:4      | Found a glowing drain.
  4463 | Sewer    | Entered a sewer
  4794 | Sewer    | Reached skill level 1 in Short Blades
  4836 | Sewer    | Reached XP level 6. HP: 47/47 MP: 0/0
  5025 | Sewer    | Reached skill level 1 in Spellcasting
  5304 | D:4      | Reached *** piety under Lugonu
  5703 | D:4      | Killed Blork the orc
  6285 | D:5      | Entered Level 5 of the Dungeon
  6473 | D:5      | Reached XP level 7. HP: 53/53 MP: 0/0
  6473 | D:5      | Learned a level 2 spell: Call Imp
  6611 | D:5      | Reached skill level 4 in Invocations
  6999 | D:5      | Noticed a two-headed ogre
  7003 | D:5      | Banished a two-headed ogre
  7004 | D:5      | Reached skill level 5 in Invocations
  7004 | D:5      | Reached XP level 8. HP: 35/58 MP: 0/0
  7162 | D:5      | Reached XP level 9. HP: 34/63 MP: 0/0
  7162 | D:5      | Learned a level 4 spell: Airstrike
  7431 | D:5      | Reached skill level 5 in Dodging
  8108 | D:6      | Found a blossoming altar of Fedhas.
  8282 | D:6      | Reached skill level 6 in Invocations
  8419 | D:6      | Found a staircase to the Ecumenical Temple.
  8426 | Temple   | Entered the Ecumenical Temple
  8645 | D:6      | Found a sparkling altar of Nemelex Xobeh.
  9776 | D:7      | Reached skill level 7 in Invocations
 10162 | D:7      | Found a hazy altar of Hepliaklqana.
 10163 | D:7      | Found a broken altar of Ashenzari.
 10207 | D:7      | Reached skill level 5 in Spellcasting
 10564 | D:7      | Found a hide-covered altar of Uskayaw.
 10564 | D:7      | Found a white marble altar of Elyvilon.
 10794 | D:8      | Noticed Psyche
 11120 | D:8      | Noticed Pikel
 11300 | D:7      | Killed Pikel
 11301 | D:7      | Reached skill level 8 in Invocations
 11301 | D:7      | Reached XP level 10. HP: 51/69 MP: 0/0
 12101 | D:8      | Found a glowing silver altar of Zin.
 12242 | D:8      | Killed Psyche
 12909 | D:7      | Reached skill level 9 in Invocations
 13538 | D:8      | Noticed a two-headed ogre
 13546 | D:8      | Banished a two-headed ogre
 13932 | D:9      | Found a burning altar of Makhleb.
 14573 | D:9      | Reached XP level 11. HP: 64/74 MP: 0/0
 14573 | D:9      | Learned a level 4 spell: Dispel Undead
 14881 | D:9      | Reached skill level 10 in Invocations
 14910 | D:9      | Noticed Prince Ribbit
 15077 | D:9      | Killed Prince Ribbit
 15486 | D:8      | Reached **** piety under Lugonu
 16588 | D:10     | Entered Level 10 of the Dungeon
 16663 | D:10     | Noticed a two-headed ogre
 16664 | D:10     | Banished a two-headed ogre
 16665 | D:10     | Reached skill level 5 in Long Blades
 16735 | D:10     | Noticed a two-headed ogre
 16743 | D:10     | Banished a two-headed ogre
 16744 | D:10     | Reached skill level 5 in Fighting
 16771 | D:10     | Noticed Fannar
 17288 | D:10     | Found a staircase to the Orcish Mines.
 17415 | D:10     | Identified the +2 flail "Idougos" {vorpal, +Rage rC++ MP-9
                  | Dex+3}
 18840 | D:11     | HP: 1/76 [something (6)]
 18840 | D:11     | Slain by an unseen horror

Illustrated notes

Levels and vault maps discovered:
D:1:      wander_arrival_desolate, layout_rooms, serial_shops,
          nicolae_shop_temple_entry_statues_fountains, minmay_distorted
D:2:      layout_basic
D:3:      layout_loops_corners, ebering_ghost_sewer_f
D:4:      layout_basic, portal_sewer_entry_b, serial_shops, nicolae_square_shop,
          uniq_blork_the_orc
D:5:      layout_basic
D:6:      layout_loops_cross, nemelex_spade_bored_becter, lemuel_round_altar,
          temple_green, chequers_serial_rivers_large_b, minivault_27
D:7:      layout_basic, nicolae_overflow_hidden_temple, grunt_ministairs_5
D:8:      layout_loops_ring, lemuel_tele_altar, minivault_19, uniq_pikel,
          uniq_psyche
D:9:      layout_small_grid, lemuel_crystal_altar, mainiacjoe_overflow_catwalk,
          uniq_prince_ribbit1
D:10:     layout_roguey, orc_0_dummy, special_room [special_room_orc],
          uniq_fannar
D:11:     minmay_the_grid_octo_triangle [minmay_the_grid_octo_empty,
          minmay_the_grid_octo_prize_big_c, minmay_the_grid_octo_chip],
          layout_basic, erik_lair_dragon, gammafunk_ghost_cemetery
Temple:   minmay_temple_bridge_abc

Skill      XL: |  1  2  3  4  5  6  7  8  9 10 11 |
---------------+----------------------------------+-----
Invocations    | 2 3 5 8 9 10 | 10.9
Long Blades    | 2 4 5 |  5.4
Fighting       | 4 5 |  5.2
Short Blades   | 1 |  1.7
Spellcasting   | 1 3 5 7 8 |  8.1
Dodging        | 4 5 |  5.2
Armour         | 2 |  2.4

Action                   |  1- 3 |  4- 6 |  7- 9 | 10-12 || total
-------------------------+-------+-------+-------+-------++-------
Melee: Falchion          |   107 |   112 |       |       ||   219
       Dagger            |       |   149 |       |       ||   149
       Scimitar          |       |    13 |   216 |   233 ||   462
Throw: Boomerang         |       |       |     9 |       ||     9
       Dart              |       |       |     6 |     1 ||     7
 Cast: Searing Ray       |       |     3 |     9 |    15 ||    27
       Airstrike         |       |       |       |    28 ||    28
       Call Imp          |       |       |       |     1 ||     1
Invok: Depart the Abyss  |     1 |       |       |       ||     1
       Banish            |       |       |     2 |     4 ||     6
       Bend Space        |       |       |       |     1 ||     1
Evoke: Wand              |       |     5 |     4 |       ||     9
  Use: Scroll            |       |     6 |     5 |     2 ||    13
       Potion            |       |       |     1 |       ||     1
Armor: Leather armour    |    49 |    11 |    16 |       ||    76
       Ring mail         |       |    62 |       |       ||    62
       Steam dragon scal |       |       |     8 |    58 ||    66
Dodge: Dodged            |    76 |   126 |   222 |   263 ||   687
       Rpst.: Falchion   |    19 |    16 |       |       ||    35
       Scimitar          |       |     2 |    65 |    71 ||   138
